Map: Dusty Gorge

Players

AreS - Winner!

  • Race: Terran Terran
  • Spawn Location: 3:00

Adversity - Winner!

  • Race: Terran Terran
  • Spawn Location: 5:00

Tesla

  • Race: Zerg Zerg
  • League: Diamond
  • Spawn Location: 9:00

SugoiTrap

  • Race: Terran Terran
  • League: Bronze
  • Spawn Location: 11:00

VOD

Have the link to the VOD?

Description

Time

  • Played on: Sept. 2, 2018, 7:20 a.m.
  • Length: 3:23
Show
View Real Time Build Order
Export as new Build Order

AreS Terran - Winner!

Build Orders: Cyclone Opening 

Get SALT Encoding   

  12  0:01  SCV  
  13  0:13  SCV  
  14  0:19  Supply Depot  
  14  0:25  SCV  
  15  0:37  Supply Depot  
  15  0:45  Barracks  
  15  0:49  SCV  
  16  0:57  Refinery  
  16  1:05  SCV  
  16  1:08  Refinery  
  17  1:17  SCV  
  18  1:29  SCV  
  19  1:41  Orbital Command  
  19  1:53  Factory  
  19  1:57  Barracks Reactor  
  19  2:03  Supply Depot  
  19  2:08  SCV  
  20  2:20  Factory, SCV  
  21  2:25  Supply Depot  
  21  2:35  SCV  
  22  2:49  Cyclone  
  25  2:54  SCV  
  29  3:02  Supply Depot  
  29  3:07  SCV  
Show
View Real Time Build Order
Export as new Build Order

Adversity Terran - Winner!

Build Orders:  

Get SALT Encoding   

  12  0:03  SCV  
  13  0:15  SCV  
  13  0:21  Supply Depot  
  14  0:27  SCV  
  15  0:31  Refinery  
  16  0:42  SCV  
  16  0:47  Barracks  
  16  0:55  SCV  
  17  1:07  Barracks  
  17  1:19  Barracks  
  17  1:24  SCV  
  18  1:35  Reaper  
  19  1:40  Orbital Command  
  19  1:52  Refinery  
  19  1:55  Reaper  
  20  2:03  Supply Depot  
  20  2:06  Reaper  
  21  2:09  Reaper  
  22  2:16  SCV  
  23  2:30  Reaper  
  23  2:31  Supply Depot  
  23  2:33  SCV  
  25  2:44  Reaper x2  
  25  2:47  SCV  
  29  3:07  SCV  
Show
View Real Time Build Order
Export as new Build Order

Tesla Zerg 

Build Orders: Hatch First 

Get SALT Encoding   

  12  0:01  Drone  
  13  0:13  Overlord  
  13  0:18  Drone  
  14  0:29  Extractor  
  14  0:30  Extractor  
  14  0:31  Drone x2  
  14  0:35  Drone  
  17  0:46  Drone  
  18  1:00  Hatchery  
  18  1:02  Drone  
  18  1:06  Extractor  
  17  1:18  Spawning Pool  
  16  1:20  Drone  
  16  1:23  Drone  
  18  1:30  Drone  
  19  1:41  Overlord  
  19  2:04  Queen  
  19  2:07  Zergling x4  
  23  2:12  Queen  
  25  2:16  Drone x2  
  27  2:23  Drone x2  
  29  2:35  Drone x2  
  31  2:46  Queen  
  31  2:47  Drone x2  
  35  3:03  Baneling Nest, Overlord  
Show
View Real Time Build Order
Export as new Build Order

SugoiTrap Terran 

Build Orders: Gas First Reaper Expand 

Get SALT Encoding   

  12  0:16  SCV  
  13  0:24  Supply Depot  
  13  0:27  Refinery  
  13  0:28  SCV  
  14  0:42  SCV  
  15  0:48  Barracks  
  15  0:54  SCV  
  16  1:06  SCV  
  17  1:18  SCV  
  19  1:35  Reaper  
  19  1:37  Orbital Command  
  19  1:52  Command Center  
  19  2:05  Factory  
  19  2:08  SCV  
  20  2:12  Barracks Reactor  
  20  2:17  Refinery  
  20  2:21  SCV  
  20  2:33  SCV  
  21  2:38  Supply Depot  
  21  2:46  SCV  
  21  2:58  SCV  
  20  3:10  SCV  
Tags
 
Add a new tag
Caveats
  • Supply blocks, unpowered buildings, or Contaminate may cause inaccurate times.
  • Supply counts are checked every 10 seconds.